 Dungeon Crawl Stone Soup version 0.26.1-11-gd32895ea62 (webtiles) character file.

Game seed: 12533853889847370939

9127 Riddle the Impaler (level 11, -11/95 (98) HPs)
             Began as a Merfolk Monk on Apr 15, 2021.
             Was an Elder of Ru.
             Killed by divine providence
             ... invoked by an orc priest
              (14 damage)
             ... on level 10 of the Dungeon.
             The game lasted 00:18:31 (14941 turns).

Riddle the Impaler (Merfolk Monk)                  Turns: 14941, Time: 00:18:32

HP:   -11/95 (98)   AC:  9    Str: 15    XL:     11   Next: 41%
MP:   11/11         EV:  9    Int: 10    God:    Ru [****..]
Gold: 540           SH:  3    Dex: 16    Spells: 10/10 levels left

rFire    . . .     SeeInvis .   D - +2 trident (freeze)
rCold    . . .     Faith    .   E - +0 buckler
rNeg     . . .     Spirit   .   h - +2 ring mail {Will+}
rPois    .         Reflect  .   b - +0 helmet
rElec    .         Harm     .   (no cloak)
rCorr    .         Rampage  .   (no gloves)
Will     +....     Rnd*Tele +   F - +0 pair of boots
Stlth    +.........             (no amulet)
HPRegen  0.25/turn              p - ring of teleportation
MPRegen  0.12/turn              K - ring of teleportation (curse)

@: slowed, lightly drained, very slow
A: change form in water, swift swim, stealthy swim, inability to train dodging,
inability to train armour, no conjurations magic, no fire magic, no
transmutations magic
a: Renounce Religion, Draw Out Power, Power Leap


You were on level 10 of the Dungeon.
You worshipped Ru.
Ru was greatly pleased with you.
You visited 2 branches of the dungeon, and saw 11 of its levels.

You collected 540 gold pieces.

Inventory:

Hand Weapons
 q - a +0 scythe
 D - a +2 trident of freezing (weapon)
Armour
 b - a +0 helmet (worn)
 h - a +2 ring mail of willpower (worn)
 E - a +0 buckler (worn)
 F - a +0 pair of boots (worn)
 M - a +1 cloak of stealth
Jewellery
 p - a ring of teleportation (left hand)
 v - an uncursed ring of stealth
 K - a cursed ring of teleportation (right hand)
Wands
 y - a wand of flame (36)
 C - a wand of disintegration (11)
 G - a wand of random effects (12)
 H - a wand of paralysis (10)
Scrolls
 c - 6 scrolls of enchant weapon
 d - a scroll of blinking {unknown}
 e - 2 scrolls of magic mapping {unknown}
 f - 16 scrolls of identify
 g - 5 scrolls of amnesia
 j - 2 scrolls of immolation {unknown}
 o - 2 scrolls of teleportation
 r - a scroll of fog {unknown}
 s - 6 scrolls of remove curse
 t - a scroll of fear {unknown}
 w - 2 scrolls of enchant armour {unknown}
 x - a scroll of noise {unknown}
 I - a scroll of holy word {unknown}
 J - a scroll of random uselessness {unknown}
 L - a scroll of brand weapon {unknown}
Potions
 a - 2 potions of magic {unknown}
 i - a potion of flight
 k - 2 potions of might
 l - a potion of haste {unknown}
 m - 2 potions of attraction
 n - a potion of degeneration {unknown}
 u - 2 potions of curing {unknown}
 z - a potion of lignification {unknown}
 A - a potion of invisibility {unknown}
 B - a potion of brilliance {unknown}


   Skills:
 + Level 13.4 Fighting
 + Level 16.8 Polearms
 - Level 2.1 Stealth


You had 10 spell levels left.
You didn't know any spells.
Your spell library contained the following spells:

 Spells                   Type           Power        Failure   Level
 Beastly Appendage        Tmut           Unusable     N/A         1
 Wereblood                Tmut           Unusable     N/A         2
 Spider Form              Tmut/Pois      Unusable     N/A         3
 Ice Form                 Ice/Tmut       Unusable     N/A         4
 Blade Hands              Tmut           Unusable     N/A         5

Dungeon Overview and Level Annotations

Branches:
Dungeon (10/15)            Temple (1/1) D:5            Lair (0/6) D:10
    Orc (0/2) D:10

Altars:
Ashenzari
Cheibriados
Dithmenos
Elyvilon
Fedhas
Gozag
Hepliaklqana
Kikubaaqudgha
Makhleb
Nemelex Xobeh
Okawaru
Qazlal
Ru
Sif Muna
Trog
Uskayaw
Vehumet
Wu Jian
Xom
Yredelemnul
Zin
The Shining One

Annotations:
D:3 2 runed translucent doors, Paulthewizard's ghost, amateur TeCj
D:7 2 transporters, Alannah's ghost, novice GrFi
D:10 Josephine; kalagan's ghost, novice DECj


Innate Abilities, Weirdness & Mutations

You revert to your normal form in water.
You are very nimble and swift while swimming.
You are very stealthy in the water. (Stealth+)
You cannot train Dodging skill.
You cannot train Armour skill.
You cannot study or cast Conjurations magic.
You cannot study or cast Fire magic.
You cannot study or cast Transmutations magic.


Message History

* * * LOW HITPOINT WARNING * * *
The wraith drains your vigour!
You feel yourself slow down. The wraith barely misses you.
You redirect Josephine's attack!
Josephine casts a spell at the wraith.
The ghostly flame explodes!
The ghostly fireball engulfs the wraith.
The wraith completely resists.
The wraith misses you.
The two-headed ogre hits you with a +0 giant club!
* * * LOW HITPOINT WARNING * * *
You focus your inner power and blind the two-headed ogre in retribution!
The two-headed ogre hits you with a +0 giant club.
* * * LOW HITPOINT WARNING * * *
You hear a shout!
Josephine begins to cast a spell, but is stunned by your conviction!
The wraith closely misses you.
There is a stone staircase leading up here.
The orc priest invokes the aid of Beogh against you.
Beogh smites you!
You die...

############## .............o .#
############## .# ######### .
........##+########.#############
...................##............
.............#####.##............
..........@....W.#...............
......(..#o..OWW@.....(..........
.......W.#########...............
........O........................
.........#######....#............
..##...#W##.รท.##....#............
#.###..#.##.#.......o............
..# #..#@##.####.O..#............
..# ##.#.##.# #....#...........)
..####...##.####....#............


You could see Josephine, a two-headed ogre (blind), 3 wraiths and an orc priest.

Vanquished Creatures
  Maggie (D:10)
  Joseph (D:7)
  A troll (D:9)
  Prince Ribbit (D:9)
  Sigmund (D:3)
  11 yaks
  2 redbacks (D:8)
  Eustachio (D:5)
  Grum (D:8)
  2 wargs (D:10)
  Duvessa (D:4)
  A black bear (D:6)
  2 sky beasts (D:7)
  3 ice beasts
  3 orc warriors
  4 wolves (D:8)
  A necrophage (D:9)
  3 phantoms
  3 ogres
  6 centaurs
  4 bullfrogs
  Dowan (D:4)
  A water moccasin zombie (D:10)
  A water moccasin skeleton (D:8)
  5 scorpions
  5 wights (D:8)
  3 howler monkeys (D:10)
  3 centaur zombies
  A jelly (D:8)
  8 hounds
  4 centaur skeletons
  10 orc priests
  7 orc wizards
  3 bullfrog skeletons
  2 iguanas
  10 worker ants
  A howler monkey skeleton (D:7)
  8 adders
  2 shadow imps
  5 white imps
  An ufetubus (D:9)
  2 oozes
  An adder zombie (D:5)
  2 dart slugs
  A worm (D:2)
  4 leopard geckos
  47 orcs
  7 giant cockroaches
  11 goblins
  6 hobgoblins
  12 jackals
  7 kobolds
  2 quokkas
  4 ball pythons
  10 bats
  A frilled lizard (D:2)
  A jackal skeleton (D:5)
  2 leopard gecko skeletons
  12 rats
266 creatures vanquished.

Vanquished Creatures (others)
  A hound (D:5)
  2 plants (D:10)
3 creatures vanquished.

Grand Total: 269 creatures vanquished

Notes
Turn   | Place    | Note
-------+----------+-------------------------------------------
     0 | D:1      | Riddle the Merfolk Monk began the quest for the Orb.
     0 | D:1      | Reached XP level 1. HP: 18/18 MP: 1/1
   164 | D:1      | You fall into a shaft and drop 1 floor!
   209 | D:1      | Reached XP level 2. HP: 24/24 MP: 2/2
   283 | D:1      | Reached skill level 5 in Polearms
   543 | D:1      | Reached XP level 3. HP: 30/30 MP: 3/3
  1607 | D:2      | Reached XP level 4. HP: 29/38 MP: 4/4
  1953 | D:2      | Reached skill level 6 in Polearms
  2038 | D:3      | Noticed Sigmund
  2399 | D:3      | Killed Sigmund
  2400 | D:3      | Reached skill level 5 in Fighting
  2400 | D:3      | Reached skill level 7 in Polearms
  2400 | D:3      | Reached XP level 5. HP: 40/45 MP: 5/5
  2400 | D:3      | Reached XP level 6. HP: 45/51 MP: 6/6
  2444 | D:3      | Found a large runed translucent door.
  2444 | D:3      | Found a large runed translucent door.
  2641 | D:3      | Noticed Paulthewizard's ghost (amateur TeCj)
  3355 | D:4      | Reached skill level 8 in Polearms
  3418 | D:4      | Noticed Dowan
  3667 | D:4      | Found a sacrificial altar of Ru.
  3719 | D:4      | Noticed Duvessa
  3720 | D:4      | Noticed Eustachio
  3750 | D:5      | Entered Level 5 of the Dungeon
  3756 | D:5      | Found a broken altar of Ashenzari.
  3866 | D:4      | Reached XP level 7. HP: 54/59 MP: 7/7
  4524 | D:5      | Found a staircase to the Ecumenical Temple.
  4542 | D:5      | Reached skill level 9 in Polearms
  4602 | Temple   | Entered the Ecumenical Temple
  4743 | D:5      | Found an ornate altar of the Wu Jian Council.
  4752 | D:5      | Killed Eustachio
  4769 | D:4      | Became a worshipper of Ru the Awakened
  4783 | D:4      | Gained mutation: You cannot train Armour skill. [Ru
                  | sacrifice]
  4783 | D:4      | Reached * piety under Ru
  5167 | D:5      | Reached XP level 8. HP: 67/67 MP: 8/8
  5173 | D:5      | Reached skill level 10 in Polearms
  6144 | D:6      | HP: 3/69 [poisoned by an adder]
  6148 | D:6      | Reached skill level 11 in Polearms
  6755 | D:6      | Found a bloodstained altar of Trog.
  6785 | D:6      | Found a shimmering blue altar of Sif Muna.
  6792 | D:6      | Found a white marble altar of Elyvilon.
  6909 | D:6      | Reached XP level 9. HP: 76/76 MP: 9/9
  7076 | D:7      | Noticed a moth of wrath
  7078 | D:7      | Found a transporter.
  7078 | D:7      | Noticed a troll
  7078 | D:7      | Noticed Alannah's ghost (novice GrFi)
  7079 | D:7      | Found a bloodstained altar of Trog.
  7122 | D:6      | Reached skill level 12 in Polearms
  7658 | D:7      | Found a transporter.
  7671 | D:7      | Noticed Joseph
  7679 | D:7      | Killed Joseph
  7768 | D:7      | Reached skill level 10 in Fighting
  7962 | D:7      | Found a shadowy altar of Dithmenos.
  8023 | D:7      | Found an iron altar of Okawaru.
  8083 | D:7      | Reached skill level 13 in Polearms
  8209 | D:7      | Gained mutation: You cannot train Dodging skill. [Ru
                  | sacrifice]
  8209 | D:7      | Reached ** piety under Ru
  8209 | D:7      | Reached *** piety under Ru
  8530 | D:7      | Reached XP level 10. HP: 74/87 MP: 10/10
  8544 | D:7      | Reached skill level 14 in Polearms
 10125 | D:7      | Found a hazy altar of Hepliaklqana.
 10297 | D:4      | Killed Duvessa
 10316 | D:4      | Killed Dowan
 10869 | D:8      | Found a sparkling altar of Nemelex Xobeh.
 10881 | D:8      | Noticed Grum
 10899 | D:8      | Killed Grum
 10900 | D:8      | Reached skill level 15 in Polearms
 11302 | D:8      | Found a shimmering altar of Xom.
 11408 | D:8      | Found an ancient bone altar of Kikubaaqudgha.
 11800 | D:8      | Found a runed translucent door.
 11938 | D:8      | Noticed a boulder beetle
 12637 | D:9      | Found an ancient bone altar of Kikubaaqudgha.
 12678 | D:9      | Noticed Prince Ribbit
 12704 | D:9      | Reached XP level 11. HP: 58/96 MP: 11/11
 12927 | D:9      | Reached skill level 16 in Polearms
 13219 | D:9      | Killed Prince Ribbit
 13382 | D:9      | Gained mutation: You cannot study or cast Fire magic. [Ru
                  | sacrifice]
 13382 | D:9      | Gained mutation: You cannot study or cast Transmutations
                  | magic. [Ru sacrifice]
 13382 | D:9      | Gained mutation: You cannot study or cast Conjurations
                  | magic. [Ru sacrifice]
 13382 | D:9      | Reached **** piety under Ru
 13591 | D:9      | Found a glowing silver altar of Zin.
 13721 | D:10     | Entered Level 10 of the Dungeon
 13762 | D:10     | Noticed kalagan's ghost (novice DECj)
 13765 | D:10     | Noticed a lich
 13778 | D:10     | Noticed a frost giant
 13779 | D:10     | Noticed a skeletal warrior
 13779 | D:10     | Noticed a necromancer
 13779 | D:10     | Noticed a shadow dragon
 13806 | D:10     | Noticed Maggie
 13824 | D:10     | Killed Maggie
 13982 | D:10     | Noticed a two-headed ogre
 13994 | D:10     | Found a staircase to the Orcish Mines.
 14730 | D:10     | Found a staircase to the Lair.
 14895 | D:10     | Noticed Josephine
 14939 | D:10     | HP: 2/95 [two-headed ogre/+0 giant club (5)]
 14941 | D:10     | Killed from afar by an orc priest

Illustrated notes

Levels and vault maps discovered:
D:1:      elethiomel_arrival_maze, layout_basic
D:2:      layout_loops_cross, minmay_increasing_density
D:3:      layout_loops_cross, ebering_ghost_disaster_area, uniq_sigmund
D:4:      layout_cave_pools, kennysheep_mini, uniq_duvessa,
          uniq_crazy_yiuf_cottage, uniq_eustachio
D:5:      layout_basic, general_overflow_altar, lemuel_doored_altar,
          minmay_temple_entry_junction_2
D:6:      layout_rooms, minitemple, serial_park_tiny_pond
D:7:      layout_loops_ring, nzn_hepliaklqana_mist_gate,
          lemuel_coloured_pillars_altar, grunt_dithmenos_smoke_and_mirrors,
          gammafunk_ghost_wrathful_warriors, uniq_joseph
D:8:      gammafunk_indiana_jones, layout_loops_ring, xom_butterflies,
          nemelex_xobeh_ov_fountains_minmay, kiku_gazebo_pond_becter, uniq_grum
D:9:      layout_basic, marbit_many_paths, basic_altar, uniq_prince_ribbit1
D:10:     layout_basic, erik_lair_orcish_takeover, david_orc_2,
          muffindrake_ghost_dual_entry, corner_web_ring, uniq_maggie,
          uniq_josephine
Temple:   nicolae_temple_figure_zero

Skill      XL: |  1  2  3  4  5  6  7  8  9 10 11 |
---------------+----------------------------------+-----
Polearms       | 5 7 8 9 11 13 15 16 | 16.8
Fighting       | 4 5 6 7 9 11 12 13 | 13.4
Dodging        | 0 |  0.0
Stealth        | |  2.1

Action                   |  1- 3 |  4- 6 |  7- 9 | 10-12 || total
-------------------------+-------+-------+-------+-------++-------
Melee: Spear             |   164 |    63 |       |       ||   227
       Scythe            |       |    81 |   270 |    74 ||   425
       Trident           |       |       |       |   421 ||   421
Invok: Sacrifice Durabil |       |       |     1 |       ||     1
       Sacrifice Nimblen |       |       |     1 |       ||     1
       Draw Out Power    |       |       |       |     2 ||     2
       Sacrifice Arcana  |       |       |       |     1 ||     1
  Use: Potion            |       |     4 |     2 |       ||     6
       Scroll            |       |     3 |       |     3 ||     6
 Stab: Sleeping          |     7 |     2 |     8 |    10 ||    27
       Invisible         |       |       |       |     7 ||     7
       Distracted        |       |       |       |     1 ||     1
Armor: Robe              |     7 |       |       |       ||     7
       Scale mail        |    12 |       |       |       ||    12
       Ring mail         |     6 |    58 |    92 |   105 ||   261
Dodge: Dodged            |    72 |   146 |   220 |    98 ||   536
Block: Buckler           |       |       |       |    30 ||    30
